Map: Abandoned Camp

Players

raihalo

  • Race: Protoss Protoss
  • League: Gold
  • Spawn Location: 3:00

acer

  • Race: Zerg Zerg
  • Spawn Location: 3:00

noobzr

  • Race: Terran Terran
  • Spawn Location: 5:00

Metasapien

  • Race: Zerg Zerg
  • League: Gold
  • Spawn Location: 9:00

Crione

  • Race: Terran Terran
  • Spawn Location: 7:00

Willyzafilly

  • Race: Terran Terran
  • Spawn Location: 11:00

VOD

Have the link to the VOD?

Description

Time

  • Played on: Sept. 16, 2017, 5:09 p.m.
  • Length: 12:43
Show
View Real Time Build Order
Export as new Build Order

raihalo Protoss 

Build Orders:  

Get SALT Encoding   

  12  0:03  Probe (Chrono Boost)  
  13  0:13  Probe (Chrono Boost)  
  14  0:25  Pylon  
  14  0:32  Pylon  
  14  0:36  Probe (Chrono Boost)  
  15  0:51  Forge  
  15  0:55  Probe (Chrono Boost)  
  16  1:06  Probe (Chrono Boost)  
  17  1:16  Probe (Chrono Boost)  
  18  1:27  Photon Cannon x2  
  18  1:42  Pylon  
  18  1:43  Probe (Chrono Boost)  
  20  1:54  Probe (Chrono Boost)  
  20  2:02  Photon Cannon  
  20  2:03  Photon Cannon  
  20  2:04  Probe (Chrono Boost)  
  21  2:26  Pylon  
  21  2:30  Probe (Chrono Boost)  
  22  2:40  Probe (Chrono Boost)  
  22  2:42  Nexus  
  24  2:51  Probe (Chrono Boost)  
  24  2:55  Photon Cannon  
  24  3:11  Pylon  
  24  3:24  Photon Cannon  
  24  3:41  Photon Cannon  
  24  3:43  Photon Cannon  
  24  3:47  Probe (Chrono Boost)  
  25  3:52  Assimilator  
  25  3:57  Assimilator  
  25  3:58  Probe (Chrono Boost)  
  25  4:01  Gateway  
  25  4:02  Gateway  
  26  4:21  Photon Cannon  
  25  4:38  Photon Cannon  
  25  4:39  Photon Cannon  
  25  4:45  Probe (Chrono Boost)  
  26  4:52  Probe (Chrono Boost)  
  27  4:55  Probe (Chrono Boost)  
  28  5:02  Probe (Chrono Boost)  
  28  5:03  Cybernetics Core  
  28  5:04  Cybernetics Core  
  28  5:06  Probe (Chrono Boost)  
  30  5:13  Probe (Chrono Boost)  
  31  5:17  Probe (Chrono Boost)  
  32  5:23  Probe (Chrono Boost)  
  32  5:27  Probe (Chrono Boost)  
  34  5:33  Assimilator  
  34  5:34  Probe (Chrono Boost)  
  35  5:38  Probe (Chrono Boost), Assimilator  
  35  5:40  Protoss Shields Level 1 (Chrono Boost)  
  36  5:44  Probe (Chrono Boost)  
  36  5:45  Pylon  
  36  5:46  Pylon  
  36  5:48  Probe (Chrono Boost)  
  36  5:49  Stalker  
  40  5:50  Stalker  
  40  5:55  Probe (Chrono Boost)  
  43  6:01  Protoss Air Weapons Level 1 (Chrono Boost)  
  43  6:18  Protoss Air Armor Level 1 (Chrono Boost)  
  43  6:41  Stargate  
  43  6:48  Stargate  
  43  6:52  Probe x2  
  45  7:04  Probe x2  
  47  7:16  Probe, Mothership Core  
  50  7:28  Probe  
  50  7:29  Void Ray  
  55  7:32  Void Ray  
  59  7:47  Warp Gate (Chrono Boost)  
  59  7:52  Gateway  
  59  7:53  Gateway  
  59  8:00  Twilight Council  
  59  8:12  Zealot  
  61  8:21  Pylon  
  61  8:22  Pylon  
  61  8:29  Pylon  
  61  8:33  Pylon  
  61  8:38  Void Ray x2  
  61  8:40  Zealot  
  71  8:51  Zealot x2  
  71  8:52  Zealot  
  77  9:00  Gateway x2  
  77  9:02  Gateway  
  77  9:13  Charge (Chrono Boost)  
  69  9:46  Void Ray x2  
  75  10:19  Zealot x4  
  79  10:29  Void Ray x2  
  75  11:47  Void Ray x2  
  75  11:50  Zealot  
  85  11:59  Pylon x2  
  85  12:01  Pylon  
  85  12:04  Stargate  
  85  12:06  Stargate  
  85  12:33  Nexus  
  85  12:35  Assimilator  
  93  12:40  Assimilator  
Show
View Real Time Build Order
Export as new Build Order

acer Zerg 

Build Orders: Pool First, Lurkers 

Get SALT Encoding   

  12  1:25  Drone x2  
  14  1:32  Overlord  
  14  1:46  Spawning Pool  
  13  1:49  Drone x2, Hatchery  
  13  1:50  Extractor  
  13  1:52  Extractor  
  12  2:17  Drone x2  
  14  2:39  Drone x2  
  16  2:45  Drone, Roach Warren  
  16  2:46  Queen  
  18  2:54  Drone  
  19  3:06  Drone x2  
  19  3:08  Queen  
  23  3:35  Drone x3  
  23  3:36  Drone x2  
  23  3:37  Overlord  
  28  3:51  Overlord x2  
  28  4:02  Roach x2  
  32  4:13  Drone x2  
  32  4:15  Hatchery  
  33  4:20  Roach  
  33  4:21  Roach x2  
  39  4:24  Roach  
  41  4:33  Lair  
  41  4:56  Roach  
  41  4:57  Roach x4  
  51  5:00  Overlord  
  51  5:06  Overlord  
  51  5:18  Drone x3  
  51  5:19  Drone x2  
  56  5:30  Roach x2  
  56  5:31  Roach  
  62  5:41  Queen  
  62  5:42  Drone  
  65  5:46  Drone  
  65  5:47  Drone  
  67  5:53  Drone x3  
  67  5:55  Drone  
  71  5:59  Roach  
  73  6:04  Overlord  
  73  6:08  Overlord  
  73  6:11  Overlord  
  73  6:21  Overlord  
  73  6:22  Overlord  
  73  6:26  Roach x3  
  73  6:30  Roach  
  81  6:33  Roach  
  81  6:35  Roach  
  81  6:38  Roach  
  88  6:40  Drone x2  
  88  6:42  Drone  
  90  6:49  Ravager x2  
  90  6:50  Ravager x6  
  98  6:58  Drone  
  98  6:59  Drone x4  
  98  7:00  Extractor x2  
  102  7:01  Drone  
  102  7:18  Roach x4  
  102  7:19  Roach x2  
  114  7:23  Overlord x2  
  114  7:33  Overlord x2  
  114  7:34  Overlord  
  114  8:00  Roach x5  
  114  8:01  Roach x4  
  68  8:51  Hydralisk Den  
  67  9:01  Evolution Chamber  
  66  9:03  Evolution Chamber  
  65  9:21  Lurker Den  
  65  9:25  Metabolic Boost  
  65  9:28  Zergling x12  
  65  9:29  Zergling x12  
  65  9:30  Zergling x12  
  65  9:31  Zergling x12  
  86  9:32  Zergling x10  
  86  9:35  Zerg Ground Armor Level 1  
  86  9:37  Zerg Missile Weapons Level 1  
  87  10:07  Hydralisk x4  
  87  10:08  Hydralisk x6  
  107  10:17  Roach x2  
  107  10:18  Roach  
  113  10:49  Lurker x6  
  120  10:50  Lurker  
  120  10:54  Lurker  
  121  10:58  Zergling x12  
  121  10:59  Zergling x10  
Show
View Real Time Build Order
Export as new Build Order

noobzr Terran 

Build Orders: MMM Bio 

Get SALT Encoding   

  12  0:01  SCV  
  13  0:13  SCV  
  14  0:20  Supply Depot  
  14  0:34  SCV  
  15  0:46  SCV  
  16  0:51  Barracks  
  16  1:03  SCV  
  17  1:15  SCV  
  17  1:27  SCV  
  18  1:39  SCV  
  19  1:48  Marine  
  19  1:49  Barracks  
  19  1:51  SCV, Barracks  
  20  2:04  SCV  
  20  2:06  Marine  
  22  2:24  Marine  
  20  2:41  SCV  
  21  2:46  Barracks  
  21  2:52  Marine  
  21  2:53  SCV  
  22  3:03  Barracks  
  22  3:05  SCV  
  23  3:07  Barracks  
  23  3:09  Barracks, Supply Depot x2  
  23  3:10  Barracks  
  23  3:13  Marine  
  23  3:22  Refinery  
  23  3:26  Refinery  
  23  3:30  SCV  
  23  3:32  Supply Depot  
  24  3:42  SCV  
  25  3:54  SCV  
  26  3:59  Command Center  
  25  4:06  SCV, Marine  
  27  4:10  Barracks Reactor  
  27  4:11  Barracks Reactor  
  27  4:12  Barracks Tech Lab  
  27  4:19  SCV  
  28  4:26  Refinery  
  28  4:36  SCV  
  29  4:41  Barracks Reactor  
  29  4:45  Factory  
  29  4:48  SCV  
  29  4:58  Combat Shields  
  29  5:02  SCV  
  30  5:13  Refinery  
  30  5:15  SCV  
  31  5:23  SCV  
  31  5:27  SCV, Marine x2  
  31  5:28  Marine x3  
  38  5:30  Barracks Tech Lab  
  38  5:34  Starport  
  38  5:35  SCV  
  39  5:40  SCV, Supply Depot  
  39  5:41  Marine  
  41  5:43  Marine  
  41  5:47  SCV  
  41  5:48  Marine x2  
  45  5:54  Stimpack  
  45  6:02  Marine  
  45  6:03  Supply Depot  
  46  6:10  Marine  
  46  6:11  Marine x6  
  47  6:14  Starport Reactor  
  53  6:20  SCV x2  
  55  6:30  Marine  
  55  6:31  Marine  
  55  6:32  SCV x2  
  59  6:44  SCV x2  
  61  6:50  Medivac x2  
  64  6:57  SCV x2  
  64  6:58  Starport  
  66  7:02  Starport  
  66  7:06  Marauder  
  68  7:09  SCV  
  68  7:10  SCV  
  68  7:11  Marauder  
  73  7:30  SCV x2  
  73  7:31  Marine x4  
  78  7:39  Supply Depot  
  78  8:00  Marine x4  
  78  8:01  SCV x2  
  78  8:04  Supply Depot  
  84  8:08  Marine  
  84  8:09  Marine  
  84  8:12  Marine  
  86  8:14  Supply Depot  
  86  8:15  Marine  
  86  8:17  Supply Depot  
  86  8:18  Marine  
  86  8:19  Supply Depot  
  86  8:21  Supply Depot  
  83  8:39  Supply Depot  
  83  8:40  Supply Depot  
  81  8:44  Supply Depot  
  81  8:46  Supply Depot  
  72  9:07  Marine  
  72  9:08  Marine x7  
  78  9:14  Medivac x2  
  78  9:15  Medivac x2  
  85  9:25  Marine x3  
  85  9:26  Marauder, Marine x2  
  85  9:30  SCV  
  93  9:33  Marine x2  
  95  9:39  Command Center  
  95  9:43  Medivac, Marine  
  95  9:44  Medivac  
  100  9:47  Supply Depot  
  100  9:49  Medivac x2  
  104  9:53  Supply Depot  
  104  9:54  Supply Depot  
  104  10:11  Supply Depot  
  104  10:13  Medivac  
  66  11:13  Marine  
  66  11:14  Marine x7  
  72  11:31  Marine x3  
  72  11:32  Marine x5  
  72  11:49  Marine x4  
  72  11:50  Marine x2  
  78  11:59  Marine x2  
  80  12:07  Marine x4  
  80  12:08  Refinery  
  84  12:11  Refinery  
  84  12:12  Marine  
  84  12:13  Marine  
  86  12:17  Marine x2  
  88  12:24  Marine  
Show
View Real Time Build Order
Export as new Build Order

Metasapien Zerg 

Build Orders: Hatch First 

Get SALT Encoding   

  12  0:02  Drone  
  13  0:15  Drone  
  13  0:18  Overlord  
  14  0:23  Extractor  
  14  0:24  Drone  
  15  0:38  Drone  
  15  0:39  Drone  
  17  0:57  Hatchery  
  17  1:03  Drone x2  
  18  1:11  Overlord  
  18  1:19  Extractor  
  17  1:31  Drone, Spawning Pool  
  17  1:32  Drone  
  18  1:42  Drone  
  19  2:04  Hatchery  
  19  2:07  Drone  
  19  2:13  Drone  
  20  2:16  Drone  
  20  2:17  Drone  
  20  2:19  Queen  
  24  2:26  Queen  
  26  2:35  Zergling x2  
  27  2:42  Zergling x2  
  28  2:46  Drone x2  
  28  2:47  Drone  
  28  2:49  Overlord  
  31  3:03  Drone  
  32  3:07  Zergling x2  
  32  3:08  Metabolic Boost  
  32  3:12  Drone, Roach Warren  
  33  3:17  Drone  
  33  3:37  Zergling x2  
  33  3:38  Zergling x8  
  33  3:39  Zergling x4  
  40  3:45  Drone  
  40  3:48  Pneumatized Carapace  
  41  3:49  Drone  
  41  3:50  Drone x2  
  42  4:09  Roach x4  
  50  4:14  Overlord x2  
  50  4:15  Overlord  
  48  4:33  Ravager  
  48  4:34  Drone x3, Queen  
  48  4:36  Overlord  
  54  4:46  Drone, Extractor  
  54  4:47  Drone  
  54  4:50  Drone x5, Extractor  
  54  4:52  Extractor  
  58  4:53  Drone  
  58  4:55  Ravager  
  60  5:26  Roach x3  
  66  5:29  Overlord  
  66  5:30  Drone  
  66  5:31  Drone x2  
  66  5:33  Drone x2  
  72  5:35  Drone  
  72  5:36  Drone x2  
  72  5:38  Drone  
  75  5:45  Roach x2  
  79  5:57  Overlord x5  
  79  6:03  Lair  
  79  6:18  Roach x4  
  82  6:19  Roach  
  87  6:25  Drone  
  87  6:26  Drone  
  87  6:28  Drone x2  
  87  6:30  Drone  
  87  6:32  Overlord x3  
  91  6:36  Extractor  
  91  6:37  Extractor  
  89  6:42  Drone  
  89  6:44  Queen  
  92  6:50  Ravager x3  
  92  6:51  Overlord  
  92  6:52  Overlord  
  95  7:02  Drone  
  95  7:03  Drone x2  
  95  7:05  Drone x2  
  95  7:06  Drone  
  101  7:12  Infestation Pit  
  100  7:17  Hydralisk Den  
  99  7:33  Evolution Chamber  
  99  7:36  Evolution Chamber  
  97  7:40  Overseer x2  
  97  7:51  Hydralisk x4  
  97  7:52  Roach, Hydralisk x5  
  97  7:53  Roach x4  
  125  8:06  Spore Crawler  
  125  8:08  Spore Crawler  
  123  8:13  Hydralisk x3  
  123  8:14  Roach x3, Hydralisk x2  
  123  8:15  Roach x2  
  109  8:41  Zerg Ground Armor Level 1  
  96  8:45  Drone  
  96  8:46  Drone x3  
  96  8:52  Queen x2  
  95  9:20  Drone x3  
  95  9:22  Drone x5  
  95  9:23  Drone  
  104  9:25  Drone x3  
  104  9:27  Drone  
  104  9:28  Drone  
  109  9:42  Drone  
  110  9:49  Overlord x4  
  110  9:54  Overseer  
  110  10:04  Evolution Chamber  
  64  10:31  Roach x2, Hydralisk x5  
  64  10:32  Roach x4, Hydralisk x3  
  64  10:33  Roach x2  
  90  11:15  Hatchery  
  89  11:24  Hatchery x2  
  71  11:51  Hydralisk x4  
  71  11:52  Hydralisk x2, Roach x5  
  57  12:12  Zergling x6  
  57  12:15  Drone  
Show
View Real Time Build Order
Export as new Build Order

Crione Terran 

Build Orders:  

Get SALT Encoding   

  12  0:02  SCV  
  13  0:14  SCV  
  14  0:26  SCV  
  15  0:48  Supply Depot  
  15  1:02  Supply Depot  
  15  1:08  Refinery  
  15  1:10  SCV  
  16  1:17  Barracks  
  16  1:20  Barracks  
  16  1:22  SCV  
  16  1:24  Refinery  
  17  1:34  SCV  
  18  1:50  SCV  
  19  2:03  SCV  
  20  2:14  Marine x2  
  22  2:25  Supply Depot  
  22  2:26  Supply Depot  
  22  2:29  SCV  
  23  2:34  Barracks  
  23  2:38  Barracks  
  23  2:46  SCV, Marine x2  
  26  3:04  Marine  
  27  3:38  Barracks Tech Lab  
  27  3:39  Barracks Tech Lab  
  27  3:40  Marine x2  
  29  3:45  Factory  
  30  3:49  Factory  
  30  3:51  Orbital Command  
  29  3:58  Marine  
  29  4:30  Marine x2  
  32  4:34  Marauder  
  32  4:35  Marauder  
  32  4:37  Factory Tech Lab  
  34  4:40  Factory Tech Lab  
  34  4:44  Supply Depot  
  34  4:47  Supply Depot  
  34  4:48  Marine x2  
  36  4:55  Marine  
  36  4:56  Marine  
  38  5:05  Siege Tank x2  
  44  5:12  Supply Depot  
  44  5:15  Supply Depot  
  44  5:19  Marine x2  
  44  5:20  Marine  
  44  5:21  Marine  
  48  5:37  Marine x2  
  48  5:42  Command Center  
  50  5:51  Siege Tank  
  53  7:20  Stimpack  
  53  7:21  Combat Shields  
  53  7:29  SCV  
  54  7:30  Marine  
  54  7:31  Marauder, Marine x2  
  59  7:41  SCV  
  60  7:45  Siege Tank  
  60  7:47  Siege Tank  
  60  7:49  Marauder  
  60  7:50  Barracks Reactor  
  68  7:51  Barracks Reactor  
  68  7:53  Marauder  
  64  8:10  Marine  
  63  8:14  Marine  
  59  8:41  SCV  
  60  8:53  SCV  
  61  9:03  SCV  
  61  9:05  SCV  
  63  9:15  SCV  
  61  9:17  SCV  
  61  9:28  SCV  
  61  9:29  SCV  
  48  9:40  SCV  
  48  9:52  SCV  
  49  9:55  Siege Tank x2  
  49  9:56  Marine x4  
  49  9:57  Marauder x2  
  62  10:14  Marine x4  
  61  10:18  Marauder  
  61  10:19  Marauder  
  65  10:31  Marine  
  65  10:32  Marine x3  
  69  10:39  Marauder  
  69  10:40  Marauder  
  73  10:49  Marine  
  74  11:01  Marauder x2  
  78  11:17  Marine x2  
  78  11:18  Marine x2  
  81  11:22  Marauder  
  81  11:23  Marauder  
  86  11:35  Marine x3  
  86  11:36  Marine  
  90  11:44  Marauder x2  
  72  12:05  Marauder x2  
  72  12:08  Marine x2  
  73  12:09  Marine x2  
Show
View Real Time Build Order
Export as new Build Order

Willyzafilly Terran 

Build Orders:  

Get SALT Encoding   

  12  0:02  SCV  
  13  0:14  SCV  
  14  0:26  SCV  
  14  0:27  Supply Depot  
  15  0:49  SCV  
  16  1:03  Barracks  
  16  1:14  SCV  
  17  1:45  SCV  
  17  1:51  Marine  
  18  1:57  SCV  
  19  2:04  Barracks  
  19  2:09  SCV  
  19  2:13  Marine  
  20  2:21  SCV  
  19  2:31  Marine  
  19  2:34  SCV  
  19  2:46  SCV  
  19  2:49  Marine  
  19  2:52  Barracks  
  19  2:58  SCV  
  20  3:05  Marine  
  20  3:07  Barracks, Marine  
  20  3:10  SCV  
  22  3:22  SCV  
  23  3:28  Marine  
  22  3:34  SCV  
  22  3:38  Marine  
  23  3:44  Supply Depot  
  23  4:04  Supply Depot  
  23  4:05  SCV, Marine x2  
  26  4:23  Marine  
  26  4:28  Supply Depot  
  26  4:30  Marine x2  
  28  4:32  Supply Depot  
  28  4:41  Marine  
  29  4:48  Marine  
  30  4:52  Refinery  
  30  4:53  Marine x2, Supply Depot  
  30  4:55  Supply Depot  
  30  4:59  Marine  
  33  5:11  Refinery  
  33  5:15  Supply Depot  
  33  5:27  Command Center  
  34  5:42  SCV  
  34  5:45  Barracks Reactor  
  34  5:50  Supply Depot  
  34  5:53  Marine x3  
  34  5:55  SCV  
  38  6:11  Barracks Tech Lab  
  38  6:13  Barracks Reactor  
  38  6:14  Barracks Reactor  
  38  6:34  Factory  
  38  6:51  Engineering Bay  
  38  7:07  Marauder, Marine x3  
  43  7:08  Combat Shields  
  43  7:13  SCV  
  44  7:16  SCV  
  45  7:25  SCV  
  45  7:28  SCV  
  47  7:33  Missile Turret  
  47  7:37  SCV  
  47  7:40  SCV  
  47  7:41  Starport  
  47  7:42  Marine x2  
  47  7:43  Marauder, Marine x3  
  56  7:48  Terran Infantry Weapons Level 1  
  56  7:49  SCV  
  57  7:55  Missile Turret  
  57  8:18  Missile Turret  
  51  8:41  Missile Turret  
  51  8:48  Marine x4  
  52  8:51  Medivac  
  52  8:55  Orbital Command  
  57  8:56  SCV  
  57  8:59  Refinery  
  57  9:01  Missile Turret  
  58  9:08  SCV  
  59  9:12  Stimpack  
  59  9:16  Starport  
  59  9:20  SCV  
  60  9:27  Marauder, Marine x3  
  60  9:30  Medivac  
  67  9:32  Marine x2  
  67  9:33  SCV  
  70  9:45  SCV  
  71  9:49  Marauder  
  73  9:57  SCV  
  65  10:06  Marine x3  
  65  10:07  Marine x3  
  58  10:08  Starport Reactor  
  58  10:10  Starport Reactor, Marauder  
  58  10:13  SCV  
  64  10:18  Barracks  
  64  10:25  SCV  
  64  10:27  Marine  
  64  10:28  Marine x5  
  69  10:32  Marauder  
  73  10:37  SCV  
  74  10:45  Marine x3  
  74  10:46  Marine x3  
  80  10:53  Marauder  
  82  11:03  Marine  
  66  11:14  Marauder  
  61  11:35  SCV  
  61  11:36  Marauder  
  61  11:38  Marine  
  61  11:39  Marine x5  
  70  11:42  Barracks Reactor  
  63  11:47  SCV  
  60  11:57  Marauder  
  60  11:59  SCV  
  59  12:11  SCV  
  60  12:16  Marine x5  
  60  12:19  Marauder  
  73  12:23  SCV  
Tags
 
Add a new tag
Caveats
  • Supply blocks, unpowered buildings, or Contaminate may cause inaccurate times.
  • Supply counts are checked every 10 seconds.